AoeStats
← Tanana

Nomad

503196902Analyzed
4v4 RM · 1mo ago on Aug 30, 2026· 35m 56s· 8 players
Game mode
Random Map
Map size
231×231
Population
200
Speed
Normal
Resources
Standard
Victory
Conquest
Starting age
Dark Age
Ending age
Imperial Age
RankedLock teamsTeams togetherTeam positionsShared explorationLock speedFull tech treeHidden civsTurbo modeCheats
Victory
Defeat
🇩🇪 Italians · Germany
1346
+17
🇩🇪 Vietnamese · Germany
1316
+18
🇩🇪 Persians · Germany
1316
+18
🇩🇪 Koreans · Germany
1311
+18
🇦🇷 Spanish · Argentina
1410
-20
🇦🇷 Huns · Argentina
1399
-19
🇩🇪 Celts · Germany
1348
-17
🇲🇩 Teutons · Moldova
1275
-14
Anchorwall
13:24 Feudal Age
14:12 Loom
22:06 Horse Collar
23:10 Fletching
26:01 Castle Age
25:16 Wheelbarrow
32:18 Double-Bit Axe
33:38 Bow Saw
leotectos
4:14 Loom
13:51 Feudal Age
17:22 Castle Age
16:20 Double-Bit Axe
18:02 Wheelbarrow
17:13 Town Watch
18:05 Wheelbarrow
18:15 Bow Saw
18:28 Horse Collar
28:03 Padded Archer Armor
32:03 Gold Mining
32:30 Heavy Plow
37:15 Imperial Age
35:36 Hand Cart
facuescudero2375
3:36 Loom
14:28 Feudal Age
15:19 Double-Bit Axe
17:24 Wheelbarrow
17:46 Fletching
23:13 Castle Age
21:34 Stone Mining
22:02 Fishing Lines
23:49 Bodkin Arrow
25:10 Bow Saw
26:33 Scale Barding Armor
27:58 Forging
27:29 Horse Collar
28:01 Town Watch
29:09 Heavy Plow
33:18 Imperial Age
33:09 Iron Casting
32:55 Chain Barding Armor
35:08 Blast Furnace
34:27 Husbandry
35:14 Bloodlines
Viesturs Otto I.
4:43 Loom
14:44 Feudal Age
19:09 Castle Age
16:59 Double-Bit Axe
17:22 Horse Collar
17:47 Town Watch
18:40 Stone Mining
22:25 Wheelbarrow
22:22 Bow Saw
23:35 Heavy Plow
Fürst Zono
3:57 Loom
15:21 Feudal Age
20:02 Castle Age
20:35 Fletching
22:28 Bodkin Arrow
23:12 Double-Bit Axe
29:21 Bow Saw
I still hate Goths
3:21 Loom
13:00 Feudal Age
17:11 Castle Age
15:32 Double-Bit Axe
16:49 Scale Barding Armor
21:50 Bloodlines
23:46 Forging
28:41 Fletching
31:22 Chain Barding Armor
31:25 Horse Collar
33:37 Husbandry
36:51 Wheelbarrow
I still love Koreans
5:08 Loom
13:12 Feudal Age
16:52 Castle Age
15:06 Double-Bit Axe
15:56 Fishing Lines
16:06 Fletching
17:44 Medium Warships
18:17 Wheelbarrow
17:59 Bow Saw
23:21 Bodkin Arrow
25:14 Horse Collar
25:44 Crossbowman
26:55 Town Watch
27:48 Thumb Ring
28:47 Gold Mining
29:50 Hand Cart
31:44 Heavy Plow
35:39 Imperial Age
33:22 Eupseong
34:08 Stone Mining
36:24 Bracer
35:51 Arbalester
Tanana
6:37 Loom
13:52 Feudal Age
18:14 Castle Age
16:45 Double-Bit Axe
18:01 Horse Collar
18:55 Elite Skirmisher
19:58 Bow Saw
19:44 Fletching
19:55 Padded Archer Armor
20:11 Town Watch
21:52 Bodkin Arrow
31:18 Thumb Ring
34:46 Ballistics
Connection lost

Rejoining the realm…

Still unreachable

The connection could not be restored.

Session expired

The server has moved on; the page needs a fresh start.